 Dungeon Crawl Stone Soup version 0.27.1-2-g3b301248ec (webtiles) character file.

Game seed: 18055128164521334190

77 vvl the Ruffian (level 4, -2/36 HPs)
             Began as a Draconian Transmuter on Sept 23, 2021.
             Killed by divine providence
             ... invoked by an orc priest
              (12 damage)
             ... on level 3 of the Dungeon.
             The game lasted 00:04:16 (2734 turns).

vvl the Ruffian (Draconian Transmuter)              Turns: 2734, Time: 00:04:16

Health: -2/36      AC:  5    Str: 14    XL:     4   Next: 14%
Magic:  7/7        EV: 12    Int: 13    God:
Gold:   168        SH:  0    Dex: 11    Spells: 6/7 levels left

rFire    . . .     SeeInvis .     - Unarmed
rCold    . . .     Faith    .   (no shield)
rNeg     . . .     Spirit   .   (armour unavailable)
rPois    .         Reflect  .   (helmet restricted)
rElec    .         Harm     .   (no cloak)
rCorr    .         Rampage  .   (no gloves)
Will     .....                  (no boots)
Stlth    +.........             (no amulet)
HPRegen  0.12/turn              (no ring)
MPRegen  0.10/turn              (no ring)

@: no status effects
A: AC +5, unfitting armour, cold-blooded
a: no special abilities


You were on level 3 of the Dungeon.
You visited 1 branch of the dungeon, and saw 3 of its levels.

You collected 168 gold pieces.

Inventory:

Scrolls
 a - 2 scrolls of identify {unknown}
 b - 2 scrolls of teleportation {unknown}
 c - 2 scrolls of noise {unknown}
 g - a scroll of vulnerability {unknown}
 h - a scroll of immolation {unknown}
 i - a scroll of summoning {unknown}
 k - a scroll of blinking {unknown}
Potions
 d - 4 potions of curing {unknown}
 e - a potion of resistance {unknown}
 f - 2 potions of magic {unknown}
 j - a potion of heal wounds {unknown}


   Skills:
 + Level 1.8 Fighting
 + Level 2.2 Dodging
 * Level 3.5 Unarmed Combat
 + Level 2.3 Spellcasting
 + Level 2.4 Transmutations
 + Level 0.8 Ice Magic
 + Level 1.2 Invocations


You had 6 spell levels left.
You knew the following spells:

 Your Spells              Type           Power      Damage    Failure   Level
a - Beastly Appendage     Tmut           14%        N/A       10%         1

Your spell library contained the following spells:

 Spells                   Type           Power      Damage    Failure   Level
 Wereblood                Tmut           7%         N/A       14%         2
 Spider Form              Tmut/Pois      2%         N/A       41%         3
 Ice Form                 Ice/Tmut       5%         N/A       77%         4


Dungeon Overview and Level Annotations

Branches:
Dungeon (3/15)

Altars:


Innate Abilities, Weirdness & Mutations

Your plain brown scales are hard. (AC +5)
You cannot fit into any form of body armour.
You are cold-blooded and may be slowed by cold attacks.


Message History

You hit something.
Reactivating autopickup.
You feel a bit more experienced.
You have reached level 4!
You feel stronger.
You start resting.
HP restored.
There is a stone staircase leading down here.
You climb downwards.
The orc barely misses you. The giant cockroach barely misses you.
The orc hits you with a +0 flail.
There is a stone staircase leading up here.
You hit the orc.
The orc is lightly wounded.
The giant cockroach bites you but does no damage.
The orc closely misses you.
You barely miss the orc.
The orc is lightly wounded.
The giant cockroach bites you but does no damage.
The orc priest miscasts a cantrip.
The orc hits you with a +0 flail.
The giant cockroach bites you but does no damage.
You hit the orc.
The orc is severely wounded.
The giant cockroach bites you but does no damage.
The orc closely misses you.
You barely miss the orc.
The orc is severely wounded.
The giant cockroach barely misses you. The orc hits you with a +0 flail.
You barely miss the orc.
The orc is severely wounded.
The giant cockroach barely misses you.
The orc priest invokes the aid of Beogh against you.
Beogh smites you!
* * * LOW HITPOINT WARNING * * *
The orc misses you.
The giant cockroach bites you but does no damage.
The orc hits you but does no damage.
The orc priest invokes the aid of Beogh against you.
Beogh smites you!
You die...

########### #......†..#
#####.#######.#
#.....#######.##############
#..........oB.o.............
#.#######..@#.#############.
#.# #.###.##........# #.
#####.#######.###.##........#
#.
#........†......#.##........#
#.
#.###.#######.#.#..+........#
#. #.#
#.......<...####........# #.
#.###.###############..#'####
#. #...................#..#.#
#####>..............#..#.#


You could see an orc priest, an orc and a giant cockroach.

Vanquished Creatures
  An orc wizard (D:2)
  An adder (D:3)
  2 orcs (D:3)
  5 ball pythons
  5 endoplasms
  A giant cockroach (D:1)
  A goblin (D:1)
  4 hobgoblins
  4 kobolds
  2 quokkas (D:1)
  5 bats
  4 frilled lizards
  4 rats
39 creatures vanquished.

Notes
Turn   | Place    | Note
-------+----------+-------------------------------------------
     0 | D:1      | vvl the Draconian Transmuter began the quest for the Orb.
     0 | D:1      | Reached XP level 1. HP: 16/16 MP: 3/3
   387 | D:1      | Reached XP level 2. HP: 23/23 MP: 5/5
  1652 | D:2      | Reached XP level 3. HP: 27/28 MP: 6/6
  2100 | D:3      | Reached skill level 1 in Invocations
  2471 | D:2      | Reached XP level 4. HP: 5/36 MP: 7/7
  2734 | D:3      | Killed from afar by an orc priest

Illustrated notes

Levels and vault maps discovered:
D:1:      ncdulo_smallfort, layout_loops_ring, minmay_strange_pillars,
          serial_bayou_pond_e, chequers_avenue
D:2:      layout_basic, hex_intersection
D:3:      layout_basic, mainiacjoe_overflow_concentric_impassable

Skill      XL: |  1  2  3 |
---------------+----------+-----
Dodging        | 2 |  2.2
Invocations    | 1 |  1.2
Fighting       | |  1.8
Unarmed Combat | |  3.5
Spellcasting   | |  2.3
Transmutations | |  2.4
Ice Magic      | |  0.8

Action                   |  1- 3 |  4- 6 || total
-------------------------+-------+-------++-------
Melee: Unarmed           |   159 |     5 ||   164
       Tailslap          |    12 |       ||    12
       Punch             |     1 |       ||     1
 Stab: Sleeping          |     1 |       ||     1
Armor: Skin              |    54 |     6 ||    60
Dodge: Dodged            |   106 |     7 ||   113
